 Dungeon Crawl Stone Soup version 0.30-a0-1035-g38d5fb2972 (webtiles) character file.

Game seed: 16693671614278185691

20448 Arcadio the Carver (level 12, -8/86 (102) HPs)
             Began as a Barachi Reaver on Apr 8, 2023.
             Was a High Priest of Fedhas.
             Mangled by a skyshark (10 damage)
             ... on level 4 of the Lair of Beasts.
             The game lasted 01:32:13 (17905 turns).

Arcadio the Carver (Barachi Reaver)                Turns: 17905, Time: 01:32:13

HP:   -8/86 (102)   AC: 18    Str: 14    XL:     12   Next: 79%
MP:   18/24         EV: 12    Int: 14    God:    Fedhas [*****.]
Gold: 1058          SH:  0    Dex: 21    Spells: 14/28 levels left

rFire   . . .      SeeInvis .    a - +2 falchion (heavy)
rCold   . . .      Faith    +    u - orb {light}
rNeg    . . .      Spirit   .    H - +0 troll leather armour
rPois   .          Reflect  .    p - +2 helmet
rElec   .          Rampage  .    O - +0 cloak
rCorr   .                        h - +0 pair of gloves
Will    .....                    z - +0 pair of boots
Stlth   +                        w - amulet of faith
HPRegen 1.14/turn                k - +6 ring of dexterity
MPRegen 0.19/turn                x - +4 ring of protection

@: unable to hop, glowing, heavily drained, slow
A: amphibious, slowness 1, strong legs 1, +LOS
a: Hop, Renounce Religion, Wall of Briars, Grow Ballistomycete, Overgrow, Grow
Oklob


You were on level 4 of the Lair of Beasts.
You worshipped Fedhas.
Fedhas was extremely pleased with you.
You visited 4 branches of the dungeon, and saw 18 of its levels.

You collected 1099 gold pieces.
You spent 41 gold pieces at shops.

Inventory:

Hand Weapons
 a - a +2 heavy falchion (weapon)
 b - a +0 arbalest
 D - a +3 flail
Missiles
 f - 37 poisoned darts (quivered)
 q - a throwing net
Armour
 d - a +1 robe of cold resistance
 h - a +0 pair of gloves (worn)
 p - a +2 helmet (worn)
 u - an orb of light (worn)
 z - a +0 pair of boots (worn)
 H - a +0 troll leather armour (worn)
 K - the +1 leather armour "Xeritul" {Harm Will+}
   (You found it on level 3 of the Lair of Beasts)

   Harm:      It increases damage dealt and taken.
   Will:      It increases your willpower.
 O - a +0 cloak (worn)
Jewellery
 k - a +6 ring of dexterity (left hand)
 w - an amulet of faith (around neck)
 x - a +4 ring of protection (right hand)
 J - a ring of magical power
 L - a ring of ice
Wands
 l - a wand of polymorph (5)
 s - a wand of digging (8)
 v - a wand of flame (8)
 B - a wand of iceblast (6)
 G - a wand of charming (4)
Scrolls
 c - 3 scrolls of teleportation
 m - 5 scrolls of fog
 y - a scroll of fear
 A - a scroll of amnesia
 I - a scroll of immolation {unknown}
 N - 2 scrolls of enchant armour {unknown}
 P - a scroll of magic mapping {unknown}
Potions
 g - 3 potions of mutation
 i - 3 potions of brilliance
 j - 3 potions of might
 n - 2 potions of lignification
 o - 2 potions of magic
 r - a potion of flight {unknown}
 t - 3 potions of attraction
 C - 2 potions of cancellation
 M - a potion of resistance {unknown}
 Q - a potion of ambrosia {unknown}
 R - a potion of invisibility {unknown}
Miscellaneous
 E - a tin of tremorstones (2/2)


   Skills:
 + Level 12.2 Fighting
 + Level 12.4 Long Blades
 + Level 11.9 Armour
 - Level 2.1 Dodging
 + Level 8.8 Spellcasting
 + Level 8.2 Conjurations
 - Level 5.7 Ice Magic


You had 14 spell levels left.
You knew the following spells:

 Your Spells              Type           Power      Damage    Failure   Level
a - Kiss of Death         Conj/Necr      68%        2d10      2%          1
b - Momentum Strike       Conj/Tloc      34%        3d8       4%          2
c - Hailstorm             Conj/Ice       25%        3d7       2%          3
d - Stone Arrow           Conj/Erth      34%        3d9       8%          3
e - Iskenderun's Battles  Conj           29%        2d8       13%         5

Your spell library contained the following spells:

 Spells                   Type           Power      Damage    Failure   Level
 Summon Small Mammal      Summ           24%        N/A       14%         1
 Cigotuvi's Dreadful Rot  Necr/Pois/Air  12%        N/A       22%         2
 Lesser Beckoning         Tloc           12%        N/A       22%         2
 Call Canine Familiar     Summ           6%         N/A       38%         3
 Gell's Gravitas          Tloc           6%         N/A       38%         3
 Ignite Poison            Fire/Tmut/Pois 6%         N/A       38%         3
 Summon Guardian Golem    Hex/Summ       6%         N/A       38%         3
 Teleport Other           Tloc           6%         N/A       38%         3
 Vhi's Electric Charge    Tloc/Air       12%        N/A       38%         3
 Freezing Cloud           Conj/Ice/Air   9%         6-21      50%         5
 Arcjolt                  Conj/Air       8%         1d18      58%         5
 Animate Armour           Summ/Erth      12%        N/A       80%         4
 Blade Hands              Tmut           3%         N/A       98%         5
 Iron Shot                Conj/Erth      8%         9d3       99%         6
 Plasma Beam              Fire/Air       3%         2x1d14    100%        6
 Spellforged Servitor     Conj/Summ      8%         N/A       100%        7
 Lehudib's Crystal Spear  Conj/Erth      8%         10d4      100%        8


Dungeon Overview and Level Annotations

Branches:
Dungeon (12/15) Zot: 26259  Temple (1/1) D:6 Zot: 5878    Lair (4/5) D:8 Zot: 19597
  Swamp (0/4) Lair:2        Slime (0/5) Lair:4          Orc (1/2) D:12 Zot: 5948
  Snake: Lair:2-3    Spider: Lair:2-3

Altars:
Ashenzari
Cheibriados
Dithmenos
Elyvilon
Fedhas
Gozag
Hepliaklqana
Kikubaaqudgha
Makhleb
Nemelex Xobeh
Okawaru
Qazlal
Ru
Sif Muna
Trog
Uskayaw
Vehumet
Wu Jian
Xom
Yredelemnul
Zin
Jiyva

Shops:
D:1 !   D:3 !   D:5 [   D:12 (

Annotations:
D:4 Pikel
D:5 3 runed translucent doors, decrepitude's ghost, novice GnWn
D:11 exclusion: downstairs, Erica
D:12 exclusion: ugly thing
Lair:3 2 transporters, exclusion: downstairs


Innate Abilities, Weirdness & Mutations

You are amphibious.
You cover ground slowly.
You can hop short distances.
You have an extended range of vision and can be seen from far away.


Message History

The skyshark bites you!!
* * * LOW HITPOINT WARNING * * *
The skyshark tail-slaps you but does no damage.
The skyshark tail-slaps you.
* * * LOW HITPOINT WARNING * * *
Casting: Hailstorm (mildly dangerous; 2% risk of failure)
Confirm with . or Enter, or press ? or * to list all spells.
Aiming: Kiss of Death (safe; 2% risk of failure)
Press: ? - help, Shift-Dir - straight line, f - skyshark
Aim: a skyshark (severely wounded, berserk, ally target, haloed, 100% to hit)
The negative energy hits the skyshark!
The skyshark is drained!
The skyshark is severely wounded.
You feel drained. The skyshark bites you!
* * * LOW HITPOINT WARNING * * *
The skyshark closely misses you.
The skyshark tail-slaps you but does no damage.
The skyshark barely misses you.
The skyshark tail-slaps you but does no damage.
The skyshark barely misses you.
Okay, then.
Okay, then.
Okay, then.
Press: ? - help, v - describe, . - travel
Here: a skyshark (severely wounded, berserk, lightly drained, ally target, haloed)
The floor.
Aiming: Charm
Press: ? - help, Shift-Dir - straight line, f/p - skyshark
Aim: a skyshark (severely wounded, berserk, lightly drained, ally target, haloed, chance to affect: 34%)
Okay, then.
Aiming: Polymorph
Press: ? - help, Shift-Dir - straight line, f/p - skyshark
Aim: a skyshark (severely wounded, berserk, lightly drained, ally target, haloed, will become a ghost moth, a shining eye, or a glowing orange brain, chance to affect: 34%)
Okay, then.
Unknown command.
Okay, then.
Okay, then.
As you read the scroll of summoning, it crumbles to dust.
Wisps of shadow whirl around you... The skyshark bites you!
You die...
Fedhas appreciates your contribution to the ecosystem.

###.......# #....†.....
######...<.....
#....P.........
###.Y............
######Y...............
#.YY.Y..Y.............
###....Y...............
#..Y..@l.F.............
#......PYP.....<.......
##...Y.PFP........^....
###......PP.............>
##.#.....F......†.........
#.......F.................
#..............##.........
#..P...........#..........
#..............#.#..........


You could see a skyshark (berserk, drained, ally target), 6 friendly elephants,
4 friendly yaks and 4 friendly blink frogs.

Vanquished Creatures
  Fannar (Lair:1)
  3 cyclopes (D:12)
  Joseph (Lair:1)
  A torpor snail (Lair:3)
  A gargoyle (D:11)
  A kobold demonologist (D:10)
  A rime drake (Lair:1)
  4 komodo dragons
  6 trolls
  A tyrant leech (Lair:2)
  5 blink frogs
  2 hornets
  A slime creature (D:11)
  2 shadows
  5 wraiths
  A vampire (D:10)
  2 wyverns
  36 yaks
  2 basilisks
  2 swamp worms (Lair:2)
  An acid dragon (D:9)
  2 wargs
  7 water moccasins
  2 orc warriors
  A black bear (D:6)
  3 ice beasts
  A hornet zombie (D:8)
  An ogre (D:6)
  8 wolves (Lair:2)
  9 centaurs
  2 kobold brigands
  Blork the orc (D:4)
  9 bullfrogs
  A necrophage (D:8)
  4 troll zombies (D:12)
  7 wights
  2 killer bees (D:10)
  2 howler monkeys (D:10)
  A centaur zombie (D:8)
  A gnoll bouda (D:7)
  A jelly (D:6)
  4 hounds
  A human zombie (D:8)
  6 orc priests
  2 iguanas
  A sleepcap (D:4)
  Terence (D:3)
  4 orc wizards
  6 hell rats
  A killer bee zombie (D:8)
  3 ogre zombies (D:12)
  3 mummies (D:8)
  A howler monkey zombie (D:8)
  Robin (D:3)
  11 gnolls
  5 adders
  2 white imps
  A worm (D:4)
  4 dart slugs
  38 orcs
  6 bats
  7 endoplasms
  3 giant cockroaches
  15 goblins
  7 hobgoblins
  3 jackals
  17 kobolds
  6 quokkas
  4 ball pythons
  A frilled lizard (D:1)
  2 goblin skeletons (D:12)
  A hobgoblin skeleton (D:12)
  2 hobgoblin zombies (D:12)
  5 orc skeletons (D:12)
  14 orc zombies (D:12)
  4 rats
336 creatures vanquished.

Vanquished Creatures (collateral kills)
  A shadow (D:9)
  A wolf (Lair:2)
  A howler monkey (D:12)
  An ufetubus (D:5)
  2 ballistomycete spores (D:9)
6 creatures vanquished.

Vanquished Creatures (others)
  An orc wizard (D:5)
  2 bushes (Lair:3)
  17 fungi
  55 plants
  9 toadstools
84 creatures vanquished.

Grand Total: 426 creatures vanquished

Notes
Turn   | Place    | Note
-------+----------+-------------------------------------------
     0 | D:1      | Arcadio the Barachi Reaver began the quest for the Orb.
     0 | D:1      | Reached XP level 1. HP: 17/17 MP: 3/3
   123 | D:1      | Found Mukihin's Distillery.
   158 | D:1      | Bought a potion of degeneration for 11 gold pieces
   337 | D:1      | Reached skill level 1 in Armour
   337 | D:1      | Reached XP level 2. HP: 23/23 MP: 5/5
   790 | D:1      | Reached XP level 3. HP: 29/29 MP: 6/6
  1618 | D:2      | Found a shimmering altar of Xom.
  1636 | D:2      | Reached XP level 4. HP: 25/35 MP: 7/7
  1953 | D:3      | Noticed Terence
  2089 | D:3      | Found Icwe's Distillery.
  2089 | D:3      | Noticed Robin
  2165 | D:3      | Killed Robin
  2248 | D:3      | Bought a potion of curing for 30 gold pieces
  2426 | D:3      | Reached XP level 5. HP: 31/31 MP: 8/8
  2698 | D:3      | Reached skill level 5 in Long Blades
  2813 | D:3      | Killed Terence
  3090 | D:4      | Noticed a steam dragon
  3096 | D:4      | Noticed a lemure
  3096 | D:4      | Noticed a lemure
  3097 | D:4      | Noticed a lemure
  3098 | D:4      | Noticed Pikel
  3395 | D:4      | Noticed Blork the orc
  3417 | D:4      | Killed Blork the orc
  3418 | D:4      | Reached XP level 6. HP: 30/41 MP: 6/9
  3740 | D:4      | Reached skill level 5 in Fighting
  4112 | D:5      | Entered Level 5 of the Dungeon
  4126 | D:5      | Identified the orb "Yquhal" {mayhem, Rampage Int+3 Dex+3}
  4599 | D:5      | Noticed an ice beast
  4794 | D:5      | Found a shadowy altar of Dithmenos.
  4911 | D:5      | Found Xymau's Armour Boutique.
  4956 | D:5      | Found a runed translucent gate.
  4956 | D:5      | Noticed decrepitude's ghost (novice GnWn)
  4957 | D:5      | Found a runed translucent gate.
  4960 | D:5      | Found a blossoming altar of Fedhas.
  4965 | D:5      | Became a worshipper of Fedhas Madash
  5041 | D:5      | Reached XP level 7. HP: 41/46 MP: 10/10
  5161 | D:5      | Found a runed translucent gate.
  5164 | D:5      | Identified the +5 spear "Sesaadgh" {flame, Will++ MP+9}
  5328 | D:5      | Reached skill level 5 in Armour
  5561 | D:5      | Found a stormy altar of Qazlal.
  5822 | D:6      | Found a staircase to the Ecumenical Temple.
  5848 | Temple   | Entered the Ecumenical Temple
  6572 | D:6      | Reached XP level 8. HP: 41/49 MP: 11/11
  7072 | D:7      | Reached * piety under Fedhas
  8202 | D:8      | Learned a level 2 spell: Momentum Strike
  8217 | D:8      | Found an ornate altar of the Wu Jian Council.
  8497 | D:8      | Reached ** piety under Fedhas
  8574 | D:8      | Noticed a hornet
  8583 | D:8      | Paralysed by a hornet for 1 turns
  8586 | D:8      | Paralysed by a hornet for 1 turns
  8592 | D:8      | Killed a hornet
  8593 | D:8      | Reached XP level 9. HP: 17/73 MP: 12/14
  8791 | D:8      | Found a staircase to the Lair.
  9709 | D:8      | Reached skill level 5 in Conjurations
  9757 | D:8      | Found an ancient bone altar of Kikubaaqudgha.
  9992 | D:8      | Reached *** piety under Fedhas
 10558 | Lair:1   | Entered Level 1 of the Lair of Beasts
 10672 | Lair:1   | Noticed a komodo dragon
 10683 | Lair:1   | Killed a komodo dragon
 11010 | Lair:1   | Noticed Fannar
 11063 | Lair:2   | Reached XP level 10. HP: 44/82 MP: 17/17
 11066 | Lair:2   | Reached skill level 5 in Spellcasting
 11134 | Lair:2   | HP: 4/83 [komodo dragon (22)]
 11135 | Lair:2   | Found a hide-covered altar of Uskayaw.
 11856 | Lair:2   | Learned a level 3 spell: Hailstorm
 11860 | Lair:2   | Learned a level 3 spell: Stone Arrow
 12054 | Lair:1   | Reached skill level 10 in Long Blades
 12328 | Lair:1   | Killed Fannar
 12542 | Lair:1   | Noticed Joseph
 12634 | Lair:1   | Killed Joseph
 12635 | Lair:1   | Reached skill level 10 in Fighting
 12635 | Lair:1   | Reached XP level 11. HP: 65/90 MP: 20/20
 12958 | D:9      | You fall into a shaft and drop 2 floors!
 12981 | D:11     | Noticed Erica
 13007 | D:10     | Entered Level 10 of the Dungeon
 13407 | D:8      | Reached skill level 10 in Armour
 13862 | D:9      | HP: 4/81 [yak (5)]
 13863 | D:9      | HP: 1/81 [yak (3)]
 13982 | D:9      | Identified the +1 leather armour of Kolig {Int+2}
 14197 | D:9      | Paralysed by a hornet for 1 turns
 14256 | D:10     | Noticed a two-headed ogre
 14400 | D:10     | Reached **** piety under Fedhas
 14662 | D:10     | Reached skill level 1 in Ice Magic
 15588 | D:12     | Noticed a cyan ugly thing
 15594 | D:12     | Found Taafel's Weapon Boutique.
 15636 | D:12     | Noticed a cyclops
 15649 | D:12     | Killed a cyclops
 15650 | D:12     | Reached XP level 12. HP: 69/100 MP: 23/23
 15682 | D:12     | Learned a level 5 spell: Iskenderun's Battlesphere
 15894 | D:12     | Noticed a two-headed ogre
 15987 | D:12     | Found a staircase to the Orcish Mines.
 16013 | D:12     | Reached ***** piety under Fedhas
 16143 | Orc:1    | Entered Level 1 of the Orcish Mines
 16172 | Orc:1    | Noticed an ettin
 16317 | Lair:2   | Noticed a catoblepas
 16748 | Lair:1   | Reached skill level 5 in Ice Magic
 16928 | Lair:2   | Found a staircase to the Swamp.
 17280 | Lair:3   | Noticed a death yak
 17280 | Lair:3   | Noticed a death yak
 17281 | Lair:3   | Noticed a death yak
 17346 | Lair:3   | Identified the +1 leather armour "Xeritul" {Harm Will+}
 17437 | Lair:3   | Noticed a boulder beetle
 17437 | Lair:3   | Noticed a boulder beetle
 17704 | Lair:4   | Noticed a death yak
 17704 | Lair:4   | Noticed a death yak
 17704 | Lair:4   | Noticed a death yak
 17704 | Lair:4   | Noticed a death yak
 17704 | Lair:4   | Noticed a five-headed hydra
 17738 | Lair:3   | Found a transporter.
 17740 | Lair:3   | Found a transporter.
 17826 | Lair:4   | Found a staircase to the Slime Pits.
 17826 | Lair:4   | Found a viscous altar of Jiyva.
 17886 | Lair:4   | Noticed a skyshark
 17904 | Lair:4   | HP: 1/86 [skyshark (13)]
 17905 | Lair:4   | Mangled by a skyshark

Illustrated notes

Levels and vault maps discovered:
D:1:      co_arrival_square_in_a_square_in_a_square, layout_loops_corners,
          serial_forest, infiniplex_forest_straight_1, infiniplex_forest_3_way,
          infiniplex_forest_straight_4, infiniplex_forest_clump_double,
          infiniplex_forest_end_2, infiniplex_forest_straight_3,
          infiniplex_forest_clump_small, serial_shops, nicolae_square_shop
D:2:      layout_basic, basic_altar
D:3:      layout_loops_cross, serial_shops, shop_fountains,
          corexii_corridor_pit, uniq_terence, uniq_robin
D:4:      layout_loops_corners, minmay_quadrilaterals, uniq_pikel,
          uniq_menkaure, uniq_blork_the_orc
D:5:      layout_basic, mainiacjoe_overflow_swirl, lemuel_doored_altar,
          cheibrodos_sewer_entry_drain, biasface_ghost_orc_armoury,
          serial_shops, nicolae_diamond_shop
D:6:      cheibrodos_fertilizer, layout_gridville,
          minmay_temple_entry_large_hall
D:7:      layout_basic, grunt_decor_arrowhead
D:8:      layout_layer_cave, nzn_wu_jian_council_hall,
          lemuel_mausoleum_altar_kikubaaqudgha, erik_lair_orcish_takeover,
          enter_bailey_2, special_room [special_room_orc]
D:9:      layout_basic
D:10:     minmay_skewed_foursquare, layout_rooms, tso_oasis_becter, minivault_1,
          dreamdust_wishing_well
D:11:     layout_cave_pools, kennysheep_another_room, uniq_erica
D:12:     layout_gridville, zombieorc2_lemuel, portal_ice_cave_entry_pillars_1,
          serial_shops, nicolae_shop_statue_plus, minmay_gold_behind_fungi
Temple:   nicolae_temple_superstar
Lair:1:   layout_roguey, serial_bayou_pond_c, uniq_joseph, uniq_fannar
Lair:2:   layout_chaotic_city, minmay_swamp_entry_worms, basic_altar,
          hangedman_tree_tricks
Lair:3:   gammafunk_boulding_lane, layout_chaotic_city,
          nicolae_snake_entry_warm_welcome, nicolae_lair_grazing_beasts
          [nicolae_sub_lair_graze_edge, nicolae_sub_lair_graze_edge,
          nicolae_sub_lair_graze_edge, nicolae_sub_lair_graze_edge]
Lair:4:   layout_hall_layers, slime_entry_1, mumra_transporter_accident,
          beast_lair_carwin_4
Orc:1:    layout_caves, serial_shops, nicolae_shop_statue_plus,
          nicolae_shop_stone, shop, hangedman_minor_magic

Skill      XL: |  1  2  3  4  5  6  7  8  9 10 11 12 |
---------------+-------------------------------------+-----
Armour         | 1 2 3 4 5 7 8 9 10 11 | 11.9
Long Blades    | 4 5 6 7 8 9 10 11 12 | 12.4
Fighting       | 3 4 5 6 7 8 10 11 12 | 12.2
Spellcasting   | 3 4 6 7 8 |  8.8
Conjurations   | 4 5 7 8 |  8.2
Ice Magic      | 3 5 |  5.7
Dodging        | |  2.1

Action                     |  1- 3 |  4- 6 |  7- 9 | 10-12 || total
---------------------------+-------+-------+-------+-------++-------
  Melee: Falchion          |   122 |    40 |   116 |   587 ||   865
         Dagger            |       |   468 |   153 |       ||   621
         Punch             |       |    11 |     5 |    11 ||    27
         Scimitar          |       |       |   184 |       ||   184
   Fire: Arbalest          |       |       |    42 |    25 ||    67
  Throw: Dart              |       |    15 |    10 |     5 ||    30
   Cast: Kiss of Death     |       |     5 |     4 |    12 ||    21
         Momentum Strike   |       |       |       |     1 ||     1
         Hailstorm         |       |       |       |     9 ||     9
         Stone Arrow       |       |       |       |    13 ||    13
 Invoke: Wall of Briars    |       |       |     2 |     8 ||    10
         Grow Ballistomyce |       |       |       |     1 ||     1
Ability: Hop               |       |     4 |     7 |    12 ||    23
  Evoke: Wand              |       |       |     2 |     2 ||     4
    Use: Potion            |       |     4 |     3 |     5 ||    12
         Scroll            |       |     8 |     5 |     9 ||    22
   Stab: Sleeping          |       |     1 |       |       ||     1
 Armour: Leather armour    |    31 |   214 |   195 |    66 ||   506
         Troll leather arm |       |       |       |   285 ||   285
  Dodge: Dodged            |    81 |   261 |   258 |   459 ||  1059

Table legend: (Time is in decaauts)
 A = Elapsed time spent in this place.
 B = Non-inter-level travel time spent in this place.
 C = Inter-level travel time spent in this place.
 D = Time resting spent in this place.
 E = Time spent auto-exploring this place.
 F = Levels seen in this place.
 G = Mean time per level.
                   A        B        C        D        E       F      G
               +--------+--------+--------+--------+--------+-----+--------+
         Total |  19927 |  19354 |    573 |   3542 |   8447 |  18 | 1107.1 |
       Dungeon |  15353 |  14828 |    525 |   2284 |   7149 |  12 | 1279.4 |
        Temple |    121 |    106 |     15 |      0 |     92 |   1 |  121.0 |
          Lair |   4401 |   4370 |     31 |   1257 |   1206 |   4 | 1100.2 |
  Orcish Mines |     51 |     51 |      0 |      0 |      0 |   1 |   51.0 |
               +--------+--------+--------+--------+--------+-----+--------+

Top non-repeatable levels by time:
     D:8: 2757 daAuts
  Lair:1: 1912 daAuts
  Lair:2: 1631 daAuts
     D:5: 1590 daAuts
     D:7: 1503 daAuts
     D:9: 1451 daAuts
     D:1: 1414 daAuts
     D:6: 1408 daAuts
     D:3: 1176 daAuts
     D:4: 1122 daAuts
     D:2: 966 daAuts
    D:10: 736 daAuts
  Lair:3: 709 daAuts
    D:11: 699 daAuts
    D:12: 526 daAuts
